 Dungeon Crawl Stone Soup version 0.27-a0-1612-gde56a17b89 (webtiles) character file.

Game seed: 3279725659595676505

58 siradein the Grave Robber (level 3, 0/19 HPs)
             Began as a Vampire Necromancer on July 22, 2021.
             Slain by a jackal (1 damage)
             ... on level 2 of the Dungeon.
             The game lasted 00:05:58 (2774 turns).

siradein the Grave Robber (Vampire Necromancer)     Turns: 2774, Time: 00:05:58

Health: 0/19       AC:  2    Str:  5 (7)  XL:     3   Next: 76%
Magic:  3/6        EV: 12    Int: 16 (18) God:
Gold:   28         SH:  0    Dex: 12 (14) Spells: 5/6 levels left

rFire    . . .     SeeInvis +   d - +0 dagger (vamp)
rCold    + + .     Faith    .   (no shield)
rNeg     + + +     Spirit   .   a - +0 robe
rPois    ∞         Reflect  .   (no helmet)
rElec    .         Harm     .   (no cloak)
rCorr    .         Rampage  .   (no gloves)
Will     .....                  (no boots)
Stlth    ++++......             (no amulet)
HPRegen  0.00/turn              (no ring)
MPRegen  0.10/turn              (no ring)

@: bloodless
A: bloodless, fangs 3, see invisible, vampiric 2
a: Bat Form, Revivify


You were on level 2 of the Dungeon.
You visited 1 branch of the dungeon, and saw 2 of its levels.

You collected 28 gold pieces.

Inventory:

Hand Weapons
 d - a +0 vampiric dagger (weapon)
Armour
 a - a +0 robe (worn)
Scrolls
 b - a scroll of enchant weapon {unknown}
 c - a scroll of magic mapping {unknown}
 e - a scroll of teleportation {unknown}


   Skills:
 - Level 2.1 Dodging
 - Level 3.0 Stealth
 - Level 2.0 Spellcasting
 + Level 6.0 Necromancy


You had 5 spell levels left.
You knew the following spells:

 Your Spells              Type           Power      Damage    Failure   Level
a - Pain                  Necr           84%        1d8       1%          1

Your spell library contained the following spells:

 Spells                   Type           Power      Damage    Failure   Level
 Animate Skeleton         Necr           42%        N/A       1%          1
 Vampiric Draining        Necr           10%        2d7       5%          3
 Animate Dead             Necr           10%        N/A       17%         4
 Corona                   Hex            1%         N/A       21%         1
 Ensorcelled Hibernation  Hex/Ice        2%         N/A       30%         2
 Wereblood                Tmut           1%         N/A       30%         2
 Agony                    Necr           21%        N/A       43%         5
 Ozocubu's Armour         Ice            1%         N/A       52%         3
 Tukima's Dance           Hex            1%         N/A       52%         3
 Metabolic Englaciation   Hex/Ice        0%         N/A       99%         5
 Simulacrum               Ice/Necr       5%         N/A       100%        6
 Summon Hydra             Summ           0%         N/A       100%        7
 Sublimation of Blood     Necr           Unusable   N/A       N/A         2

Dungeon Overview and Level Annotations

Branches:
Dungeon (2/15)

Altars:
Yredelemnul

Annotations:
D:2 1 runed translucent door, Crazy Yiuf


Innate Abilities, Weirdness & Mutations

You do not regenerate when monsters are visible.
You are frail without blood (-20% HP).
You can heal yourself when you bite living creatures.
You are immune to poison.
You have razor-sharp teeth.
You have supernaturally acute eyesight. (SInv)
You are afflicted with vampirism and can become a bat while bloodless.


Message History

The adder is moderately wounded.
The adder bites you.
You are too injured to fight recklessly!
You are too injured to fight recklessly!
You are too injured to fight recklessly!
You are too injured to fight recklessly!
Aiming: Pain (safe; 1% risk of failure)
Press: ? - help, Q - select action Shift-Dir - straight line, f - adder
Aim: an adder (moderately wounded, chance to affect: 85%)
The adder barely resists.
The adder bites you but does no damage.
Unknown command.
Aiming: Pain (safe; 1% risk of failure)
Press: ? - help, Q - select action Shift-Dir - straight line, f/p - adder
Aim: an adder (moderately wounded, chance to affect: 85%)
The adder writhes in agony.
The adder bites you. The adder closely misses you.
Unknown command.
Aiming: Pain (safe; 1% risk of failure)
Press: ? - help, Q - select action Shift-Dir - straight line, f/p - adder
Aim: an adder (severely wounded, chance to affect: 85%)
The adder writhes in agony.
The adder bites you.
* * * LOW HITPOINT WARNING * * *
Aiming: Pain (safe; 1% risk of failure)
Press: ? - help, Q - select action Shift-Dir - straight line, f/p - adder
Aim: an adder (almost dead, chance to affect: 85%)
The adder writhes in agony.
You kill the adder!
The jackal closely misses you.
Your Necromancy skill increases to level 6!
The jackal misses you. The jackal barely misses you. The jackal misses you.
The jackal barely misses you. The jackal misses you. The jackal misses you.
You see here a +0 mace.
The jackal bites you.
You die...

#### #.### #...#
###.# #.# #.# #.#
####### #.#
#....S##########.#
#.###.SS.Sh@...<.#
#.# ##############
#.# #S# #S#
#####S# #SS...#
#.#####


SS You could see a jackal and 4 ball pythons.

Vanquished Creatures
  3 adders (D:2)
  A worm (D:2)
  4 endoplasms
  5 goblins
  A hobgoblin (D:1)
  5 jackals (D:2)
  4 kobolds
  4 frilled lizards
  A rat (D:1)
28 creatures vanquished.

Vanquished Creatures (others)
  3 fungi (D:2)
3 creatures vanquished.

Grand Total: 31 creatures vanquished

Notes
Turn   | Place    | Note
-------+----------+-------------------------------------------
     0 | D:1      | siradein the Vampire Necromancer began the quest for the
                  | Orb.
     0 | D:1      | Reached XP level 1. HP: 13/13 MP: 3/3
   196 | D:1      | You fall into a shaft and drop 1 floor!
   523 | D:1      | Reached XP level 2. HP: 15/15 MP: 3/5
   592 | D:1      | Found a faded altar of an unknown god.
   721 | D:1      | Reached skill level 5 in Necromancy
  2080 | D:2      | Found a basalt altar of Yredelemnul.
  2124 | D:2      | Gained mutation: You are afflicted with vampirism and can
                  | become a bat while bloodless. [Vampire growth]
  2124 | D:2      | Reached XP level 3. HP: 19/19 MP: 3/6
  2325 | D:2      | Found a runed translucent door.
  2326 | D:2      | Noticed Crazy Yiuf
  2758 | D:2      | Reached skill level 6 in Necromancy
  2774 | D:2      | Slain by a jackal

Illustrated notes

Levels and vault maps discovered:
D:1:      wheals_arrival_linesprint, layout_loops_ring,
          hellmonk_ecumenical_altar_pennies_from_heaven
D:2:      layout_loops_ring, basic_altar, minmay_shallow_snake_nest,
          uniq_crazy_yiuf_cottage

Skill      XL: |  1  2  3 |
---------------+----------+-----
Necromancy     | 5 6 |  6.0
Dodging        | |  2.1
Stealth        | |  3.0
Spellcasting   | |  2.0

Action                   || total
-------------------------++-------
Melee: Dagger            ||    30
       Bite              ||     4
 Cast: Pain              ||    73
 Abil: Exsanguinate      ||     1
       End Transformatio ||     1
       Bat Form          ||     1
Armor: Robe              ||     3
Dodge: Dodged            ||    27

Table legend: (Time is in decaauts)
 A = Elapsed time spent in this place.
 B = Non-inter-level travel time spent in this place.
 C = Inter-level travel time spent in this place.
 D = Time resting spent in this place.
 E = Time spent auto-exploring this place.
 F = Levels seen in this place.
 G = Mean time per level.
                   A        B        C        D        E       F      G
               +--------+--------+--------+--------+--------+-----+--------+
         Total |   2774 |   2697 |     77 |    227 |   2146 |   2 | 1387.0 |
       Dungeon |   2774 |   2697 |     77 |    227 |   2146 |   2 | 1387.0 |
               +--------+--------+--------+--------+--------+-----+--------+

Top non-repeatable levels by time:
     D:1: 1896 daAuts
     D:2: 878 daAuts
